 Dungeon Crawl Stone Soup version 0.18.1-2-ga659475 (webtiles) character file.

293 manyhoops the Slasher (level 6, -4/47 HPs)
             Began as a Demonspawn Gladiator on May 8, 2016.
             Slain by an ogre
             ... wielding a +0 giant spiked club
              (12 damage)
             ... on level 4 of the Dungeon.
             The game lasted 00:04:55 (3178 turns).

manyhoops the Slasher (Demonspawn Gladiator)        Turns: 3178, Time: 00:04:56

Health: -4/47      AC: 15    Str: 17    XL:     6   Next: 11%
Magic:  6/6        EV:  7    Int:  9    God:
Gold:   120        SH:  0    Dex: 14    Spells: 0 memorised, 5 levels left

rFire  + . .     SeeInvis .     a - +0 long sword
rCold  + . .     Gourm    .     x - +0 chain mail
rNeg   . . .     Faith    .     (no shield)
rPois  .         Spirit   .     (helmet restricted)
rElec  .         Dismiss  .     (no cloak)
rCorr  .         Reflect  .     w - +1 pair of gloves
SustAt .         Harm     .     (no boots)
MR     +....                    (no amulet)
Stlth  ..........               k - ring of protection from magic
                                h - ring of protection from cold

@: somewhat resistant to hostile enchantments, extremely unstealthy
A: horns 1, molten scales 3
a: no special abilities


You were on level 4 of the Dungeon.
You were not hungry.

You visited 1 branch of the dungeon, and saw 4 of its levels.

You collected 120 gold pieces.

Inventory:

Hand Weapons
 a - a +0 long sword (weapon)
 A - a +0 falchion
Missiles
 d - 3 throwing nets (quivered)
Armour
 b - a +0 leather armour
 e - a +0 ring mail
 w - a +1 pair of gloves (worn)
 x - a +0 chain mail (worn)
Jewellery
 h - a ring of protection from cold (left hand)
 k - a ring of protection from magic (right hand)
Wands
 y - a wand of digging (11/24)
Scrolls
 l - a scroll of amnesia {unknown}
 m - a scroll of identify {unknown}
 n - a scroll of magic mapping {unknown}
 p - a scroll of enchant armour
 u - a scroll of teleportation {unknown}
Potions
 j - a potion of curing {unknown}
 q - a potion of degeneration {unknown}
 r - 2 potions of might {unknown}
 t - a potion of ambrosia {unknown}
 v - a potion of lignification {unknown}
Comestibles
 f - 2 bread rations
 i - a meat ration
 o - 2 slices of pizza
 s - a royal jelly
 z - 2 chunks of flesh


   Skills:
 + Level 3.6 Fighting
 + Level 4.7 Long Blades
 - Level 1.7 Throwing
 + Level 2.6 Armour
 - Level 2.6 Dodging


You had 5 spell levels left.
You didn't know any spells.

Dungeon Overview and Level Annotations

Branches:
Dungeon (4/15)
 Temple: D:4-7

Altars:
Ashenzari
Dithmenos
Kikubaaqudgha
Vehumet

Shops:
D:4 :


Innate Abilities, Weirdness & Mutations

You have a pair of small horns on your head.
You are completely covered in molten scales (AC +4, EV -1, rF+).


Message History

The hound bites you but does no damage. The hound bites you but does no damage.
The hound bites you but does no damage. The hound bites you but does no damage.
The hound bites you. The hound bites you but does no damage.
The hound pauses to sniff the ground.
The hound barely misses you.
Things that are here:
a dagger; a robe You barely miss the ogre.
You headbutt the ogre.
The ogre is lightly wounded.
The ogre hits you with a giant spiked club!
* * * LOW HITPOINT WARNING * * *
The hound bites you but does no damage.
You hit the ogre. You headbutt the ogre.
The ogre is moderately wounded.
The hound bites you but does no damage.
The ogre hits you with a giant spiked club!
You die...

#################################
..........oo...h@O..<))..........
########################'''######
# ##≈≈...≈§## # ##≈≈.....≈§##
###### ##≈≈......§≈≈# ##...##
##§§.........≈≈# ##.#..##
##§≈...........≈§ ##.#...#
##≈≈......≈....§.≈ ...#...#
#§≈...............


You could see an ogre, a hound, an orc priest and an orc.

Vanquished Creatures
  A scorpion (D:4)
  A hound (D:4)
  2 orc wizards
  2 adders (D:3)
  6 gnolls
  An adder skeleton (D:4)
  A worm (D:2)
  A dart slug (D:1)
  10 orcs
  A ball python (D:3)
  5 giant cockroaches
  9 goblins
  5 hobgoblins
  7 kobolds
  A quokka (D:2)
  9 bats
  4 giant newts
  6 rats
72 creatures vanquished.

Vanquished Creatures (others)
  A human (D:3)
1 creature vanquished.

Grand Total: 73 creatures vanquished

Notes
Turn   | Place    | Note
--------------------------------------------------------------
     0 | D:1      | manyhoops the Demonspawn Gladiator began the quest for the Orb.
     0 | D:1      | Reached XP level 1. HP: 16/16 MP: 1/1
   103 | D:1      | Reached skill level 3 in Long Blades
   111 | D:1      | Gained mutation: You are partially covered in molten scales (AC +1). [demonic ancestry]
   111 | D:1      | Reached XP level 2. HP: 20/22 MP: 2/2
   156 | D:1      | Found a shattered altar of Ashenzari.
   482 | D:1      | Gained mutation: You are mostly covered in molten scales (AC +3, EV -1). [demonic ancestry]
   482 | D:1      | Reached XP level 3. HP: 26/28 MP: 3/3
  1207 | D:3      | Found a shadowy altar of Dithmenos.
  1566 | D:3      | Found an ancient bone altar of Kikubaaqudgha.
  1566 | D:3      | Noticed a human
  1569 | D:3      | Killed a human
  1735 | D:3      | Gained mutation: You are completely covered in molten scales (AC +4, EV -1, rF+). [demonic ancestry]
  1735 | D:3      | Reached XP level 4. HP: 34/34 MP: 4/4
  1836 | D:3      | Reached skill level 1 in Armour
  1862 | D:3      | Reached skill level 4 in Long Blades
  2065 | D:4      | Reached XP level 5. HP: 35/41 MP: 5/5
  2224 | D:4      | Found Obreobb's Book Shop.
  2931 | D:4      | Noticed an ogre
  2950 | D:4      | Found a radiant altar of Vehumet.
  2975 | D:4      | Gained mutation: You have a pair of small horns on your head. [demonic ancestry]
  2975 | D:4      | Reached XP level 6. HP: 28/47 MP: 6/6
  3178 | D:4      | Slain by an ogre

Skill      XL: |  1  2  3  4  5 |
---------------+----------------+-----
Long Blades    | 3 4 |  4.7
Armour         | 1 2 |  2.6
Fighting       | 3 |  3.6
Throwing       | |  1.7
Dodging        | |  2.6

Action                   |  1- 3 |  4- 6 || total
-------------------------+-------+-------++-------
Melee: Long sword        |   157 |   151 ||   308
       Headbutt          |       |     3 ||     3
  Use: Scroll            |       |     2 ||     2
  Eat: Chunk             |     2 |     3 ||     5
       Meat ration       |       |     1 ||     1
Armor: Ring mail         |    93 |    47 ||   140
       Leather armour    |     1 |       ||     1
       Chain mail        |       |    75 ||    75
Dodge: Dodged            |   102 |    61 ||   163
